 Dungeon Crawl Stone Soup version 0.19-a0-1850-g63fd1ff (webtiles) character file.

4334 Naow the Severer (level 10, -1/78 HPs)
             Began as a Minotaur Berserker on Oct 10, 2016.
             Was a High Priest of Trog.
             Succumbed to a queen bee's poison
             ... on level 9 of the Dungeon.
             The game lasted 00:11:19 (6437 turns).

Naow the Severer (Minotaur Berserker)               Turns: 6437, Time: 00:11:20

Health: -1/78      AC: 18    Str: 22    XL:     10   Next: 12%
Magic:  9/9        EV: 12    Int:  7    God:    Trog [*****.]
Gold:   251        SH:  2    Dex: 16    Spells: 0 memorised, 9 levels left

rFire  + . .     SeeInvis .     R - +0 broad axe
rCold  + . .     Gourm    .     G - +5 ring mail "Siomm" {rF+ rC+}
rNeg   + + .     Faith    .     (no shield)
rPois  .         Spirit   .     (helmet restricted)
rElec  .         Dismiss  .     H - +0 cloak "Vifil" {*Slow rN++ Dex+3}
rCorr  .         Reflect  +     n - +0 pair of gloves
MR     .....     Harm     .     g - +0 pair of boots
Stlth  +.........               T - +2 amulet of reflection
                                C - +3 ring of dexterity
                                r - +5 ring of protection

@: lethally poisoned (-1 -> -17), exhausted, about to teleport, very slightly
contaminated, slowed, very slow
A: retaliatory headbutt, horns 2
a: Berserk, Trog's Hand, Brothers in Arms, Burn Spellbooks, Renounce Religion


You were on level 9 of the Dungeon.
You worshipped Trog.
Trog was extremely pleased with you.
You were near starving.

You visited 1 branch of the dungeon, and saw 9 of its levels.
You also visited: Sewer.

You collected 601 gold pieces.
You spent 350 gold pieces at shops.

Inventory:

Hand Weapons
 a - a +0 hand axe
 R - a +0 broad axe (weapon)
Armour
 e - a +0 ring mail
 g - a +0 pair of boots (worn)
 n - a +0 pair of gloves (worn)
 p - a +1 cloak
 q - a +0 scale mail
 w - a +0 plate armour
 G - the +5 ring mail "Siomm" (worn) {rF+ rC+}
   (You found it on level 6 of the Dungeon)

   It protects you from fire.
   It protects you from cold.
 H - the +0 cloak "Vifil" (worn) {*Slow rN++ Dex+3}
   (You found it on level 6 of the Dungeon)

   It affects your dexterity (+3).
   It greatly protects you from negative energy.
   It may slow you when you take damage.
Jewellery
 i - an uncursed ring of poison resistance
 r - a +5 ring of protection (left hand)
 C - a +3 ring of dexterity (right hand)
 T - a +2 amulet of reflection (around neck)
 U - a +4 ring of dexterity
Wands
 b - a wand of digging (14/24)
 y - a wand of flame (27/48)
 I - a wand of digging (6/24)
 L - a wand of polymorph (8/24)
 Q - a wand of lightning (10/15)
 W - a wand of teleportation (5/9)
Scrolls
 d - a scroll of magic mapping
 f - 14 scrolls of identify {unknown}
 z - a scroll of teleportation
 B - a scroll of amnesia
 E - 2 scrolls of recharging {unknown}
 J - a scroll of random uselessness {unknown}
 K - a scroll of immolation {unknown}
 M - a scroll of enchant weapon {unknown}
 O - 3 scrolls of remove curse
 V - a scroll of vulnerability {unknown}
Potions
 h - a potion of resistance {unknown}
 j - a potion of degeneration {unknown}
 k - 2 potions of mutation {unknown}
 l - 6 potions of curing {unknown}
 m - 2 potions of might {unknown}
 u - 2 potions of heal wounds {unknown}
 v - a potion of agility {unknown}
 x - 4 potions of flight {unknown}
 A - 2 potions of cure mutation {unknown}
 P - a potion of cancellation {unknown}
Books
 F - a book of Necromancy

   Spells                             Type                      Level
   a - Pain                           Necromancy                   1
   b - Animate Skeleton               Necromancy                   1
   c - Vampiric Draining              Necromancy                   3
   d - Regeneration                   Charms/Necromancy            3
   e - Animate Dead                   Necromancy                   4
   f - Control Undead                 Necromancy                   4
   Trog disapproves of the use of such an item.
 N - a book of Necromancy

   Spells                             Type                      Level
   a - Pain                           Necromancy                   1
   b - Animate Skeleton               Necromancy                   1
   c - Vampiric Draining              Necromancy                   3
   d - Regeneration                   Charms/Necromancy            3
   e - Animate Dead                   Necromancy                   4
   f - Control Undead                 Necromancy                   4
   Trog disapproves of the use of such an item.
Comestibles
 c - 5 bread rations
 o - 3 meat rations
 s - 3 slices of pizza
 D - a beef jerky
 S - a royal jelly


   Skills:
 - Level 4.0 Fighting
 + Level 16.5 Axes
 - Level 2.5 Armour
 - Level 2.2 Dodging


You had 9 spell levels left.
You didn't know any spells.

Dungeon Overview and Level Annotations

Branches:
Dungeon (9/15)             Temple (0/1) D:5
   Lair: D:8-11         Orc: D:9-12

Altars:
Ashenzari
Okawaru
Qazlal
Ru
Sif Muna
Xom
Zin
The Shining One

Shops:
D:7 %   D:8 =


Innate Abilities, Weirdness & Mutations

You reflexively headbutt those who attack you in melee.
You have a pair of horns on your head.


Message History

The queen bee poisons you!
Blink to where?
Press: ? - help, Dir - move target cursor You are very lightly contaminated with residual magic.
As you read the scroll of blinking, it crumbles to dust.
* * * LOW HITPOINT WARNING * * *
You feel very sick.
Zapping:
W - a wand of teleportation (will waste charges)
Press: ? - help, Shift-Dir - straight line, f - you You feel strangely unstable.
Evoking this partially-identified wand wasted a few charges.
* * * LOW HITPOINT WARNING * * *
You feel sick.
The killer bee stings you but does no damage.
The killer bee stings you!
* * * LOW HITPOINT WARNING * * *
Blink to where?
Press: ? - help, Dir - move target cursor
As you read the scroll of blinking, it crumbles to dust.
You die...

#.......##### #.........# ##
+.[.....'...# #........§### .%
#.......###.###.........yy####
.. #.......#
#.............#...y##..
#.......#
#####.........####.†#†%
#.......# #.........# ##.††%
#.......# #.........# ###%.
#.......# #....)....# ##
#.......# #.@.......#
#.......# #.........#
########.## ##......# ###
#..###### #.. ##.######### #..
#..........# #.. #..........#
#.. #..........### #).


There were no monsters in sight!

Vanquished Creatures
  A two-headed ogre (D:9)
  A hippogriff (D:8)
  Sigmund (D:2)
  2 wyverns
  A water moccasin (D:7)
  Purgy (Sewer)
  2 phantoms (D:7)
  An orc warrior (D:8)
  A sky beast (D:6)
  3 ogres
  A centaur (D:6)
  A big kobold (D:8)
  2 bullfrogs (D:6)
  A wyvern zombie (D:8)
  A water moccasin zombie (D:9)
  A wyvern skeleton (D:7)
  3 scorpions
  26 killer bees
  3 howler monkeys (D:7)
  A hound (D:7)
  2 jellies
  5 orc priests (D:4)
  2 bullfrog skeletons
  5 orc wizards
  Terence (D:2)
  4 iguanas
  6 worker ants
  6 adders
  2 oozes
  An adder skeleton (D:8)
  An adder zombie (D:8)
  2 worms
  4 dart slugs
  2 leopard geckos
  22 orcs
  3 bats
  3 giant cockroaches
  4 goblins
  11 hobgoblins
  15 jackals
  7 kobolds
  2 quokkas
  5 frilled lizards
  A leopard gecko skeleton (D:5)
  8 rats
178 creatures vanquished.

Notes
Turn   | Place    | Note
-------+----------+-------------------------------------------
     0 | D:1      | Naow the Minotaur Berserker began the quest for the Orb.
     0 | D:1      | Reached XP level 1. HP: 19/19 MP: 0/0
   233 | D:1      | Reached XP level 2. HP: 27/27 MP: 1/1
   279 | D:1      | Reached skill level 4 in Axes
   454 | D:1      | Reached XP level 3. HP: 32/33 MP: 2/2
   631 | D:2      | Reached skill level 5 in Axes
   656 | D:2      | Reached ** piety under Trog
   672 | D:2      | Noticed Terence
   687 | D:2      | Killed Terence
   687 | D:2      | Reached XP level 4. HP: 35/40 MP: 3/3
   818 | D:2      | Noticed Sigmund
   825 | D:2      | Killed Sigmund
   825 | D:2      | Reached skill level 7 in Axes
   825 | D:2      | Reached XP level 5. HP: 46/46 MP: 4/4
  1185 | D:3      | Found a glowing silver altar of Zin.
  1185 | D:3      | Noticed an angel
  1196 | D:3      | Found a shimmering altar of Xom.
  1200 | D:3      | Reached skill level 8 in Axes
  1200 | D:3      | Reached XP level 6. HP: 52/52 MP: 5/5
  1466 | D:3      | Reached *** piety under Trog
  1659 | D:4      | Reached skill level 9 in Axes
  1668 | D:4      | Reached XP level 7. HP: 55/59 MP: 6/6
  1684 | D:4      | Reached skill level 10 in Axes
  1978 | D:4      | Found a glowing drain.
  1996 | Sewer    | Entered a sewer
  2060 | Sewer    | Noticed Purgy
  2067 | Sewer    | Killed Purgy
  2334 | D:4      | Reached skill level 11 in Axes
  2665 | D:4      | Reached XP level 8. HP: 62/66 MP: 7/7
  2680 | D:4      | Found a deep blue altar of Sif Muna.
  2681 | D:4      | Found a glowing golden altar of the Shining One.
  2681 | D:4      | Found a stormy altar of Qazlal.
  2758 | D:5      | Entered Level 5 of the Dungeon
  2758 | D:5      | Found a staircase to the Ecumenical Temple.
  2833 | D:5      | Found an iron altar of Okawaru.
  3922 | D:6      | Reached skill level 12 in Axes
  3940 | D:6      | Got a jewelled cloak
  3951 | D:6      | Identified the cursed +0 cloak "Vifil" {*Slow rN++ Dex+3} (You found it on level 6 of the Dungeon)
  4548 | D:6      | Got a bronze ring mail
  4618 | D:7      | Reached skill level 13 in Axes
  4655 | D:7      | Reached **** piety under Trog
  4672 | D:7      | Reached XP level 9. HP: 64/71 MP: 8/8
  4735 | D:7      | Found Cerghuyp's Food Emporium.
  5184 | D:8      | Reached skill level 14 in Axes
  5418 | D:8      | Identified the +5 ring mail "Siomm" {rF+ rC+} (You found it on level 6 of the Dungeon)
  5449 | D:8      | Found Quhiwees's Jewellery Boutique.
  5475 | D:8      | Bought a +2 amulet of reflection for 350 gold pieces
  5545 | D:8      | Found a shattered altar of Ashenzari.
  6050 | D:9      | Reached skill level 15 in Axes
  6060 | D:9      | Found a sacrificial altar of Ru.
  6399 | D:9      | Noticed a queen bee
  6406 | D:9      | Reached skill level 16 in Axes
  6420 | D:9      | Reached XP level 10. HP: 78/78 MP: 9/9
  6430 | D:9      | Reached ***** piety under Trog
  6436 | D:9      | HP: 2/78 [killer bee (9)]
  6437 | D:9      | Succumbed to a queen bee's poison

Vault maps used:
D:1:      mrwooster_arrival_statue_2
D:2:      first_bread, uniq_terence, uniq_sigmund
D:3:      grunt_temple_overflow_order_and_chaos_1
D:4:      gammafunk_temple_overflow_claw, portal_sewer_entry_d
D:5:      old_standard_altar
D:6:      minmay_misc_feat_ornament, kennysheep_decorative_pillar
D:7:      serial_shops, kennysheep_mini_moat, minmay_door_square
D:8:      serial_shops, shop, cheibrodos_ashenzari_chains
D:9:      orc_0_dummy, david_nohive_1, nicolae_ru_awakened_eye,
          uniq_prince_ribbit1
Sewer:    sewer_the_crocodile

Skill      XL: |  1  2  3  4  5  6  7  8  9 |
---------------+----------------------------+-----
Fighting       | 4 |  4.0
Axes           | 4 5 7 8 9 11 13 16 | 16.5
Armour         | |  2.5
Dodging        | |  2.2

Action                   |  1- 3 |  4- 6 |  7- 9 | 10-12 || total
-------------------------+-------+-------+-------+-------++-------
Melee: Hand axe          |    76 |   108 |   341 |       ||   525
       Headbutt          |    11 |    25 |    86 |     3 ||   125
       Broad axe         |       |       |    19 |    13 ||    32
Invok: Berserk           |     1 |     2 |     3 |       ||     6
       Trog's Hand       |       |     1 |     1 |       ||     2
Evoke: Wand              |       |       |       |     1 ||     1
  Use: Scroll            |       |       |     5 |     2 ||     7
  Eat: Chunk             |       |     5 |    17 |       ||    22
Armor: Ring mail         |    23 |     7 |    28 |    22 ||    80
       Animal skin       |     2 |       |       |       ||     2
       Scale mail        |       |    41 |    37 |       ||    78
       Plate armour      |       |       |    95 |       ||    95
Dodge: Dodged            |    46 |    48 |   116 |    16 ||   226
Block: Other             |       |       |     2 |     4 ||     6
